 Dungeon Crawl Stone Soup version 0.19.1 (webtiles) character file.

1104 JeffiDaFish the Cudgeler (level 8, -5/49 HPs)
             Began as a Gargoyle Fighter on Dec 19, 2016.
             Killed by divine providence
             ... invoked by an orc priest
              (13 damage)
             ... on level 4 of the Dungeon.
             The game lasted 00:06:05 (2891 turns).

JeffiDaFish the Cudgeler (Gargoyle Fighter)         Turns: 2891, Time: 00:06:06

Health: -5/49      AC: 25    Str: 24    XL:     8   Next: 32%
Magic:  8/8        EV:  3    Int:  8    God:
Gold:   205        SH: 11    Dex: 11    Spells: 0 memorised, 7 levels left

rFire  . . .     SeeInvis .     a - +1 flail
rCold  . . .     Gourm    .     q - +0 crystal plate armour
rNeg   + . .     Faith    .     c - +1 shield
rPois  ∞         Spirit   .     (no helmet)
rElec  +         Reflect  .     n - +2 cloak
rCorr  .         Harm     .     (no gloves)
MR     .....                    (no boots)
Stlth  ..........               d - amulet of rage
                                h - +3 ring of strength
                                i - +1 ring of evasion

@: no status effects
A: talons 1, negative energy resistance 1, electricity resistance, unbreathing,
petrification resistance, rot immunity, AC +5
a: Evoke Berserk Rage


You were on level 4 of the Dungeon.
You were hungry.

You visited 1 branch of the dungeon, and saw 4 of its levels.

You collected 205 gold pieces.

Inventory:

Hand Weapons
 a - a +1 flail (weapon)
Armour
 c - a +1 shield (worn)
 n - a +2 cloak (worn)
 q - a +0 crystal plate armour (worn)
Jewellery
 d - an amulet of rage (around neck)
 h - a +3 ring of strength (right hand)
 i - a +1 ring of evasion (left hand)
 o - an uncursed ring of resist corrosion {unknown}
Scrolls
 e - 2 scrolls of identify
 j - a scroll of remove curse
 k - 5 scrolls of fear
 p - a scroll of amnesia
Potions
 m - a potion of curing
 r - a potion of might
Comestibles
 b - 15 chunks of flesh
 f - 2 bread rations
 g - 2 meat rations
 l - 3 fruits


   Skills:
 + Level 5.0 Fighting
 + Level 6.5 Maces & Flails
 + Level 5.4 Armour
 + Level 1.1 Dodging
 + Level 0.5 Stealth
 + Level 5.9 Shields


You had 7 spell levels left.
You didn't know any spells.

Dungeon Overview and Level Annotations

Branches:
Dungeon (4/15)
 Temple: D:4-7

Altars:
Cheibriados
Gozag
Ru
Yredelemnul


Innate Abilities, Weirdness & Mutations

You are resistant to torment.
Your stone body is resilient. (AC +5)
You are immune to poison.
You resist negative energy. (rN+)
You are resistant to electric shocks. (rElec)
You can survive without breathing.
You are immune to petrification.
You are immune to rotting.
You have sharp toenails.


Message History

The orc priest is heavily wounded.
The orc priest hits you but does no damage.
You are feeling hungry.
You closely miss the orc priest.
You claw the orc priest, but do no damage.
The orc priest is heavily wounded.
You block the orc priest's attack.
You hit the orc priest.
You claw the orc priest, but do no damage.
The orc priest is heavily wounded.
The orc priest begins to cast a cantrip, but forgets the words!
You hit the orc priest.
The orc priest is almost dead.
You block the orc priest's attack.
Your shield and crystal plate armour prevent you from hitting the orc priest.
Your kick misses the orc priest.
The orc priest is almost dead.
The orc priest mumbles some strange prayers to Beogh against you.
Beogh smites you!
You die...

#. #.# #.### #.
#.####### #..).
##.#.....############
.........')..........
.#.....############
#.....### # #.......#
##'#.......#
#...@......#
#..o.......#
#..........#
#..........#
##.###...%.# #.
.......' ## #######


You could see an orc priest.

Vanquished Creatures
  Pikel (D:4)
  The ghost of JeffiDaFish the Cudgeler, an amateur GrFi of Makhleb (D:4)
  Sigmund (D:2)
  2 hounds (D:4)
  Crazy Yiuf (D:2)
  2 orc wizards (D:4)
  Ijyb (D:2)
  Terence (D:3)
  3 adders
  An ooze (D:3)
  3 worms
  A dart slug (D:2)
  9 orcs
  A giant cockroach (D:2)
  12 goblins
  7 hobgoblins
  8 jackals
  8 kobolds
  A quokka (D:2)
  2 ball pythons (D:2)
  8 bats
  4 frilled lizards
  A jackal skeleton (D:4)
  4 rats
83 creatures vanquished.

Notes
Turn   | Place    | Note
-------+----------+-------------------------------------------
     0 | D:1      | JeffiDaFish the Gargoyle Fighter began the quest for the Orb.
     0 | D:1      | Reached XP level 1. HP: 14/14 MP: 1/1
    63 | D:1      | Reached XP level 2. HP: 14/19 MP: 2/2
   515 | D:1      | Reached XP level 3. HP: 24/24 MP: 3/3
   672 | D:2      | Noticed Ijyb
   700 | D:2      | Killed Ijyb
   700 | D:2      | Reached skill level 3 in Maces & Flails
   700 | D:2      | Reached XP level 4. HP: 14/29 MP: 4/4
   874 | D:2      | Noticed Sigmund
   883 | D:2      | Killed Sigmund
   883 | D:2      | Reached skill level 4 in Maces & Flails
   883 | D:2      | Reached XP level 5. HP: 6/33 MP: 5/5
  1211 | D:2      | Reached XP level 6. HP: 38/38 MP: 6/6
  1275 | D:2      | Found a sacrificial altar of Ru.
  1309 | D:2      | Found a snail-covered altar of Cheibriados.
  1490 | D:2      | Found a runed door.
  1494 | D:2      | Noticed Crazy Yiuf
  1502 | D:2      | Killed Crazy Yiuf
  1763 | D:2      | Found an opulent altar of Gozag.
  2035 | D:3      | Noticed Terence
  2045 | D:3      | Killed Terence
  2286 | D:3      | Gained mutation: You have sharp toenails. [potion of beneficial mutation]
  2497 | D:4      | Found a basalt altar of Yredelemnul.
  2502 | D:4      | Noticed JeffiDaFish's ghost (amateur GrFi)
  2520 | D:4      | Killed JeffiDaFish's ghost
  2520 | D:4      | Reached skill level 5 in Maces & Flails
  2520 | D:4      | Reached skill level 1 in Dodging
  2520 | D:4      | Reached XP level 7. HP: 42/44 MP: 7/7
  2551 | D:4      | Noticed Pikel
  2587 | D:4      | Killed Pikel
  2587 | D:4      | Reached skill level 5 in Fighting
  2587 | D:4      | Reached skill level 6 in Maces & Flails
  2587 | D:4      | Reached skill level 5 in Armour
  2587 | D:4      | Reached skill level 5 in Shields
  2587 | D:4      | Reached XP level 8. HP: 33/49 MP: 8/8
  2891 | D:4      | Killed from afar by an orc priest

Skill      XL: |  1  2  3  4  5  6  7 |
---------------+----------------------+-----
Maces & Flails | 3 4 5 6 |  6.5
Fighting       | 4 5 |  5.0
Armour         | 4 5 |  5.4
Shields        | 4 5 |  5.9
Dodging        | 1 |  1.1
Stealth        | |  0.5

Action                   |  1- 3 |  4- 6 |  7- 9 || total
-------------------------+-------+-------+-------++-------
Melee: Mace              |    93 |       |       ||    93
       Flail             |    32 |   178 |   102 ||   312
       Kick              |       |    16 |    27 ||    43
  Use: Scroll            |     4 |     4 |     2 ||    10
       Potion            |     1 |     5 |       ||     6
  Eat: Chunk             |       |     6 |     1 ||     7
Armor: Scale mail        |    76 |     7 |       ||    83
       Chain mail        |       |    79 |       ||    79
       Crystal plate arm |       |     8 |    83 ||    91
Dodge: Dodged            |    47 |    34 |    13 ||    94
Block: Shield            |    68 |    90 |    60 ||   218
